AoeStats
← Gjallarhorn

Golden Pit

507123711Analyzed
1v1 RM · 15d ago on Sep 16, 2026· 56m 32s· 2 players
Game mode
Random Map
Map size
Tiny (2 player)
Population
200
Speed
Normal
Resources
Standard
Victory
Conquest
Starting age
Dark Age
Ending age
Imperial Age
RankedLock teamsTeams togetherTeam positionsShared explorationLock speedFull tech treeHidden civsTurbo modeCheats
Victory
Defeat
🇩🇪 Khmer · Germany
709
+15
🇲🇹 Khmer · Malta
685
-23
Dement9241
10:00 Feudal Age
15:28 Double-Bit Axe
17:14 Bloodlines
24:49 Gold Mining
29:49 Castle Age
38:37 Bow Saw
39:08 Scale Mail Armor
39:14 Scale Barding Armor
39:10 Padded Archer Armor
39:01 Fletching
39:21 Forging
39:52 Wheelbarrow
39:03 Loom
39:04 Town Watch
40:54 Elite Skirmisher
43:30 Arson
Gjallarhorn
8:11 Feudal Age
9:23 Loom
13:08 Fletching
13:57 Double-Bit Axe
16:12 Horse Collar
24:22 Castle Age
24:25 Crossbowman
25:30 Forging
25:16 Bodkin Arrow
27:27 Bow Saw
33:01 Wheelbarrow
32:58 Padded Archer Armor
35:33 Scale Barding Armor
35:39 Forging
35:36 Husbandry
37:37 Town Watch
38:43 Gold Mining
39:54 Bloodlines
42:21 Ballistics
44:39 Chain Barding Armor
44:35 Leather Archer Armor
44:49 Hand Cart
46:08 Iron Casting
46:48 Tusk Swords
50:42 Imperial Age
50:48 Heavy Plow
53:43 Gold Shaft Mining
53:02 Stone Mining
54:26 Elite Battle Elephant
55:21 Town Patrol
56:09 Crop Rotation
57:42 Plate Barding Armor
Connection lost

Rejoining the realm…

Still unreachable

The connection could not be restored.

Session expired

The server has moved on; the page needs a fresh start.